 Dungeon Crawl Stone Soup version 0.29-a0-275-g389c0b56f3 (webtiles) character file.

Game seed: 3929750987696665297

1761 pokeman the Thaumaturge (level 8, -5/41 (44) HPs)
             Began as a Deep Elf Hedge Wizard on Mar 9, 2022.
             Killed by divine providence
             ... invoked by an orc priest
              (13 damage)
             ... on level 7 of the Dungeon.
             The game lasted 00:16:35 (7393 turns).

pokeman the Thaumaturge (Deep Elf Hedge Wizard)     Turns: 7393, Time: 00:16:36

HP:   -5/41 (44)    AC: 10    Str:  7    XL:     8   Next: 79%
MP:   20/24         EV: 12    Int: 22    God:
Gold: 335           SH:  0    Dex: 14    Spells: 12/27 levels left

rFire   . . .      SeeInvis .   I - staff of conjuration
rCold   . . .      Faith    .   (no shield)
rNeg    . . .      Spirit   .   v - +0 leather armour
rPois   .          Reflect  .   g - +0 helmet
rElec   .          Harm     .   j - +0 cloak
rCorr   .          Rampage  .   (no gloves)
Will    .....                   e - +0 pair of boots
Stlth   ++........              b - amulet of the acrobat
HPRegen 0.13/turn               m - ring of wizardry
MPRegen 0.19/turn               r - +4 ring of protection

@: on blink cooldown, drained
A: no striking features
a: no special abilities


You were on level 7 of the Dungeon.
You visited 2 branches of the dungeon, and saw 8 of its levels.

You collected 335 gold pieces.

Inventory:

Hand Weapons
 s - a +1 spear of venom
 x - the +2 spear of Dishonour {vamp, rC- Str+4}
   (You found it on level 4 of the Dungeon)

   It occasionally heals its wielder for a portion of the damage dealt when it
   wounds a living foe.
   Str:       It affects your strength (+4).
   rC:        It makes you vulnerable to cold.
 D - a +0 shortbow
Missiles
 H - 2 throwing nets
Armour
 e - a +0 pair of boots (worn)
 g - a +0 helmet (worn)
 j - a +0 cloak (worn)
 k - a +0 tower shield
 v - a +0 leather armour (worn)
Magical Staves
 E - a staff of earth
 I - a staff of conjuration (weapon)
 J - a staff of cold
Jewellery
 b - an amulet of the acrobat (around neck)
 m - a ring of wizardry (left hand)
 o - an amulet of guardian spirit
 r - a +4 ring of protection (right hand)
Wands
 q - a wand of polymorph (4)
 u - a wand of flame (13)
Scrolls
 f - 2 scrolls of fog
 h - 2 scrolls of blinking {unknown}
 i - 2 scrolls of silence {unknown}
 l - 7 scrolls of identify {unknown}
 n - a scroll of immolation {unknown}
 t - a scroll of teleportation {unknown}
 y - 2 scrolls of torment {unknown}
 C - a scroll of enchant armour {unknown}
 G - a scroll of enchant weapon {unknown}
 K - a scroll of brand weapon {unknown}
Potions
 a - 2 potions of resistance {unknown}
 c - a potion of lignification {unknown}
 d - 2 potions of magic
 p - a potion of attraction {unknown}
 w - 3 potions of curing {unknown}
 z - a potion of berserk rage {unknown}
 A - a potion of might {unknown}
 B - a potion of haste {unknown}
 F - 2 potions of heal wounds {unknown}
 L - a potion of cancellation {unknown}


   Skills:
 - Level 2.0 Fighting
 - Level 2.0 Armour
 - Level 3.0 Dodging
 - Level 3.0 Stealth
 + Level 2.2 Shields
 * Level 10.2 Spellcasting
 + Level 5.4 Conjurations
 - Level 1.1 Summonings
 - Level 1.1 Translocations
 + Level 4.0 Fire Magic
 - Level 1.1 Ice Magic
 - Level 1.0 Air Magic
 - Level 1.2 Earth Magic
 - Level 1.0 Poison Magic
 - Level 1.0 Evocations


You had 12 spell levels left.
You knew the following spells:

 Your Spells              Type           Power      Damage    Failure   Level
a - Magic Dart            Conj           100%       1d8       1%          1
b - Mephitic Cloud        Conj/Pois/Air  33%        N/A       4%          3
c - Call Imp              Summ           16%        N/A       3%          2
d - Blink                 Tloc           32%        N/A       3%          2
e - Conjure Flame         Conj/Fire      48%        6-21      1%          3
f - Flame Wave            Conj/Fire      48%        2d10      4%          4

Your spell library contained the following spells:

 Spells                   Type           Power      Damage    Failure   Level
 Scorch                   Fire           58%        2d8       1%          2
 Static Discharge         Conj/Air       38%        N/A       1%          2
 Summon Small Mammal      Summ           64%        N/A       2%          1
 Beastly Appendage        Tmut           22%        N/A       3%          1
 Slow                     Hex            44%        N/A       3%          1
 Sticky Flame             Conj/Fire      48%        2d7       4%          4
 Wereblood                Tmut           11%        N/A       5%          2
 Call Canine Familiar     Summ           16%        N/A       6%          3
 Ozocubu's Armour         Ice            16%        N/A       6%          3
 Spider Form              Tmut/Pois      13%        N/A       9%          3
 Summon Guardian Golem    Hex/Summ       13%        N/A       9%          3
 Dispel Undead            Necr           11%        3d9       32%         4
 Summon Cactus Giant      Summ           8%         N/A       96%         6
 Ozocubu's Refrigeration  Ice            8%         4d6       100%        7
 Chain Lightning          Conj/Air       19%        3d25      100%        9
 Fire Storm               Conj/Fire      24%        8d6       100%        9
 Shatter                  Erth           8%         3d10*     100%        9


Dungeon Overview and Level Annotations

Branches:
Dungeon (7/15)             Temple (1/1) D:6

Altars:
Ashenzari
Cheibriados
Elyvilon
Hepliaklqana
Kikubaaqudgha
Makhleb
Nemelex Xobeh
Qazlal
Ru
Sif Muna
Trog
Wu Jian
Yredelemnul
Zin
The Shining One

Shops:
D:1 (   D:4 :


Message History

The wight hits you with a +3 great sword of freezing!
You feel drained. The wight freezes you.
Unknown command.
The wight attacks as you move away!
The wight hits you with a +3 great sword of freezing!
You feel drained.
* * * LOW HITPOINT WARNING * * *
The wight freezes you.
* * * LOW HITPOINT WARNING * * *
Unknown command.
Your crimson imp completely misses the wight.
The wight attacks as you move away! The wight completely misses you.
Your crimson imp blinks!
There is an open door here.
The wight attacks as you move away! The wight misses you.
The wight attacks as you move away! The wight completely misses you.
Casting: Call Imp (safe; 3% risk of failure)
Confirm with . or Enter, or press ? or * to list all spells.
You blink.
The wight attacks as you move away! The wight barely misses you.
An orc priest comes into view. It is wielding a +0 whip.
The orc priest shouts!
You hear a shout! x2
The orc priest begins to cast a cantrip, but forgets the words!
The wight attacks as you move away! The wight misses you.
An orc wizard comes into view. It is wielding a +0 dagger.
The orc wizard gestures wildly while chanting.
The orc wizard flickers and vanishes!
Deactivating autopickup; reactivate with Ctrl-A.
An orc comes into view. It is wielding a +0 mace.
You feel stable enough to blink again.
Casting: Blink (safe; 3% risk of failure)
Confirm with . or Enter, or press ? or * to list all spells.
You blink.
The orc priest looks encouraged for a moment.
As you read the scroll labelled BOTOUCH KIBUAF, it crumbles to dust.
The scroll dissolves into smoke.
It was a scroll of fog.
The orc completely misses you.
The orc priest invokes the aid of Beogh against you.
Beogh smites you!
You die...

#+####...#.......#
#####.......#
#..§....#
#.zoz...#
#......## #......#
#......# #.§§o..#
#.§@§..# #.§§...#
#......# ########


You could see 2 wights, an orc priest and an orc.

Vanquished Creatures
  A hornet (D:7)
  A water moccasin (D:6)
  A black bear (D:4)
  3 ogres
  3 necrophages
  2 gnoll sergeants
  A bullfrog (D:6)
  A scorpion (D:6)
  3 howler monkeys (D:7)
  2 jellies
  2 orc priests (D:5)
  2 hounds
  3 iguanas
  An orc wizard (D:5)
  Robin (D:2)
  13 gnolls
  5 adders
  An ufetubus (D:5)
  2 worms
  A dart slug (D:1)
  19 orcs
  3 bats
  3 endoplasms
  4 giant cockroaches (D:2)
  11 goblins
  9 hobgoblins
  5 jackals
  10 kobolds
  2 quokkas
  4 ball pythons
  2 frilled lizards
  5 rats
126 creatures vanquished.

Vanquished Creatures (collateral kills)
  A goblin (D:2)
1 creature vanquished.

Vanquished Creatures (others)
  2 plants (D:1)
2 creatures vanquished.

Grand Total: 129 creatures vanquished

Notes
Turn   | Place    | Note
-------+----------+-------------------------------------------
     0 | D:1      | pokeman the Deep Elf Hedge Wizard began the quest for the
                  | Orb.
     0 | D:1      | Reached XP level 1. HP: 10/10 MP: 7/7
   448 | D:1      | Reached XP level 2. HP: 16/16 MP: 6/9
  1007 | D:1      | Reached skill level 5 in Spellcasting
  1042 | D:1      | Found Kusiaryd's Weapon Boutique.
  1202 | D:1      | Found a faded altar of an unknown god.
  1332 | D:2      | Reached XP level 3. HP: 20/20 MP: 8/11
  1336 | D:2      | Learned a level 3 spell: Mephitic Cloud
  1339 | D:2      | Learned a level 2 spell: Call Imp
  1342 | D:2      | Learned a level 2 spell: Blink
  1346 | D:2      | Learned a level 3 spell: Conjure Flame
  1356 | D:2      | You fall into a shaft and drop 2 floors!
  1363 | D:4      | Noticed a black bear
  1895 | D:2      | Found a sacrificial altar of Ru.
  2131 | D:2      | Noticed Robin
  2132 | D:2      | Reached skill level 1 in Fighting
  2165 | D:2      | Reached skill level 1 in Armour
  2172 | D:2      | Killed Robin
  2385 | D:3      | Reached XP level 4. HP: 25/25 MP: 6/13
  2770 | D:3      | Found a stormy altar of Qazlal.
  2963 | D:3      | Found a basalt altar of Yredelemnul.
  3039 | D:3      | Found a shimmering blue altar of Sif Muna.
  3404 | D:4      | Noticed an ogre
  3414 | D:4      | Killed an ogre
  3415 | D:4      | Reached skill level 6 in Spellcasting
  3415 | D:4      | Reached XP level 5. HP: 5/29 MP: 8/15
  3729 | D:3      | Reached skill level 1 in Shields
  3729 | D:3      | Reached XP level 6. HP: 34/34 MP: 1/17
  3844 | D:4      | Identified the +2 spear of Dishonour {vamp, rC- Str+4}
  3863 | D:4      | Reached skill level 1 in Fire Magic
  3864 | D:4      | Reached skill level 7 in Spellcasting
  3886 | D:4      | Reached skill level 1 in Air Magic
  4066 | D:4      | Reached skill level 1 in Poison Magic
  4066 | D:4      | Reached skill level 1 in Evocations
  4066 | D:4      | Reached XP level 7. HP: 38/38 MP: 15/20
  4071 | D:4      | Learned a level 4 spell: Flame Wave
  4424 | D:4      | Found Kitoqete's Book Emporium.
  4607 | D:5      | Entered Level 5 of the Dungeon
  4745 | D:5      | Reached skill level 8 in Spellcasting
  5057 | D:5      | Reached skill level 1 in Earth Magic
  5608 | D:6      | Reached XP level 8. HP: 44/44 MP: 16/22
  5726 | D:6      | Reached skill level 9 in Spellcasting
  5748 | D:6      | Reached skill level 1 in Ice Magic
  5754 | D:6      | HP: 2/44 [poisoned by a water moccasin]
  6078 | D:6      | Found a staircase to the Ecumenical Temple.
  6107 | Temple   | Entered the Ecumenical Temple
  6571 | D:6      | Found a snail-covered altar of Cheibriados.
  6803 | D:7      | Noticed a hornet
  6806 | D:7      | Paralysed by a hornet for 2 turns
  6833 | D:7      | Killed a hornet
  6834 | D:7      | Reached skill level 5 in Conjurations
  6843 | D:7      | Reached skill level 10 in Spellcasting
  7278 | D:7      | Found a broken altar of Ashenzari.
  7286 | D:7      | Found a white marble altar of Elyvilon.
  7393 | D:7      | Killed from afar by an orc priest

Illustrated notes

Levels and vault maps discovered:
D:1:      dpeg_arrival_tiny_a, layout_basic, basic_ecumenical_altar,
          serial_shops, nicolae_shop_waterfront, serial_bayou_pond_c
D:2:      layout_loops_cross, basic_altar, uniq_robin
D:3:      layout_loops_ring, lemuel_crystal_altar,
          mainiacjoe_overflow_catch_the_wave, kennysheep_generic_room_3
D:4:      layout_basic, serial_shops, shop
D:5:      layout_basic
D:6:      layout_rooms, slow_altar_2, minmay_temple_entry_glass
D:7:      layout_gridville, minitemple, uniq_menkaure, uniq_maggie
Temple:   compressed_dpeg_triangle_lava_temple

Skill      XL: |  1  2  3  4  5  6  7  8 |
---------------+-------------------------+-----
Spellcasting   | 5 6 7 8 10 | 10.2
Fighting       | 1 2 |  2.0
Conjurations   | 2 3 4 5 |  5.4
Armour         | 1 2 |  2.0
Dodging        | 3 |  3.0
Shields        | 1 2 |  2.2
Fire Magic     | 1 2 4 |  4.0
Stealth        | 3 |  3.0
Air Magic      | 1 |  1.0
Poison Magic   | 1 |  1.0
Evocations     | 1 |  1.0
Earth Magic    | 1 |  1.2
Ice Magic      | 1 |  1.1
Summonings     | |  1.1
Translocations | |  1.1

Action                   |  1- 3 |  4- 6 |  7- 9 || total
-------------------------+-------+-------+-------++-------
Melee: Dagger            |    39 |       |       ||    39
       Punch             |     1 |     1 |     2 ||     4
       Spear             |       |    35 |    47 ||    82
       Staff             |       |       |    13 ||    13
 Cast: Magic Dart        |   114 |    58 |   116 ||   288
       Mephitic Cloud    |     1 |     6 |    16 ||    23
       Call Imp          |     1 |       |     3 ||     4
       Blink             |       |     2 |     3 ||     5
       Conjure Flame     |       |     1 |     7 ||     8
       Flame Wave        |       |       |     1 ||     1
Evoke: Wand              |       |       |     2 ||     2
  Use: Scroll            |       |       |     1 ||     1
 Stab: Confused          |     3 |     5 |     6 ||    14
Armor: Robe              |    17 |     1 |       ||    18
       Leather armour    |       |     6 |    17 ||    23
Dodge: Dodged            |    36 |    21 |    41 ||    98

Table legend: (Time is in decaauts)
 A = Elapsed time spent in this place.
 B = Non-inter-level travel time spent in this place.
 C = Inter-level travel time spent in this place.
 D = Time resting spent in this place.
 E = Time spent auto-exploring this place.
 F = Levels seen in this place.
 G = Mean time per level.
                   A        B        C        D        E       F      G
               +--------+--------+--------+--------+--------+-----+--------+
         Total |   7408 |   7216 |    192 |    433 |   5690 |   8 |  926.0 |
       Dungeon |   7057 |   6881 |    176 |    433 |   5362 |   7 | 1008.1 |
        Temple |    351 |    335 |     16 |      0 |    328 |   1 |  351.0 |
               +--------+--------+--------+--------+--------+-----+--------+

Top non-repeatable levels by time:
     D:3: 1429 daAuts
     D:1: 1322 daAuts
     D:6: 1089 daAuts
     D:2: 1001 daAuts
     D:5: 940 daAuts
     D:4: 863 daAuts
     D:7: 410 daAuts
  Temple: 351 daAuts
